 Dungeon Crawl Stone Soup version 0.21.1-1-g345015f (webtiles) character file.

126 polly the Cudgeler (level 5, -2/33 HPs)
             Began as a Gargoyle Berserker on June 24, 2018.
             Was a Believer of Trog.
             Killed from afar by an orc wizard (6 damage)
             ... with a magic dart
             ... on level 3 of the Dungeon.
             The game lasted 00:05:58 (1761 turns).

polly the Cudgeler (Gargoyle Berserker)             Turns: 1761, Time: 00:05:58

Health: -2/33      AC: 16    Str: 25    XL:     5   Next: 9%
Magic:  5/5        EV:  7    Int:  8    God:    Trog [**....]
Gold:   94         SH:  0    Dex: 10    Spells: 4/4 levels left

rFire    + . .     SeeInvis .   a - +0 mace
rCold    + . .     Gourm    .   (no shield)
rNeg     + . .     Faith    .   g - +0 plate armour
rPois    ∞         Spirit   .   (no helmet)
rElec    +         Reflect  .   (no cloak)
rCorr    +         Harm     .   l - +0 pair of gloves
MR       .....                  (no boots)
Stlth    ..........             (no amulet)
HPRegen  0.11/turn              (no ring)
MPRegen  0.09/turn              (no ring)

@: mighty, resistant, flying
A: negative energy resistance 1, electricity resistance, unbreathing,
petrification resistance, rot immunity, AC +4
a: Berserk, Trog's Hand, Burn Spellbooks, Renounce Religion


You were on level 3 of the Dungeon.
You worshipped Trog.
Trog was pleased with you.
You were near starving.

You visited 1 branch of the dungeon, and saw 3 of its levels.

You collected 94 gold pieces.

Inventory:

Hand Weapons
 a - a +0 mace (weapon)
Armour
 g - a +0 plate armour (worn)
 l - a +0 pair of gloves (worn)
Jewellery
 o - a cursed amulet of inaccuracy {unknown}
Scrolls
 b - 7 scrolls of teleportation {unknown}
 d - 2 scrolls of fear {unknown}
 e - 2 scrolls of enchant weapon {unknown}
 f - a scroll of magic mapping {unknown}
 i - 2 scrolls of identify {unknown}
 k - a scroll of remove curse {unknown}
Comestibles
 c - 3 rations


   Skills:
 + Level 4.0 Fighting
 + Level 4.5 Maces & Flails
 + Level 2.8 Armour
 + Level 2.2 Dodging
 + Level 0.1 Stealth


You had 4 spell levels left.
You didn't know any spells.

Dungeon Overview and Level Annotations

Branches:
Dungeon (2/15)

Altars:
Fedhas
Trog
Zin
The Shining One


Innate Abilities, Weirdness & Mutations

You are resistant to torment.
Your stone body is resilient. (AC +4)
You are immune to poison.
You resist negative energy. (rN+)
You are resistant to electric shocks. (rElec)
You can survive without breathing.
You are immune to petrification.
You are immune to rotting.


Message History

The puff of flame hits you! You resist.
* * * LOW HITPOINT WARNING * * *
The orc hits you but does no damage.
You closely miss the orc.
The orc is severely wounded.
The orc wizard hits you but does no damage.
The orc hits you with a hand axe.
* * * LOW HITPOINT WARNING * * *
You bump into the rock wall.
The orc wizard hits you but does no damage.
The orc hits you but does no damage.
You bump into the rock wall.
You feel less confused. The orc wizard barely misses you.
The orc barely misses you.
You hit the orc wizard.
The orc wizard is moderately wounded.
The orc wizard closely misses you. The orc closely misses you.
The orc wizard points at you and mumbles some strange words.
The magic dart hits you!
You die...

#### #.. #.#
####.#####.#
#@o.........
#o##.#####.#
.oo##.......#
...oo##########
#..###o# .S #.#
. #.# ...


You could see an orc wizard and 6 orcs.

Vanquished Creatures
  An orc wizard (D:3)
  3 adders
  An ooze (D:1)
  4 orcs (D:3)
  2 ball pythons (D:1)
  3 giant cockroaches
  9 goblins
  7 hobgoblins
  4 jackals (D:1)
  7 kobolds
  5 bats
  3 frilled lizards
  8 rats
57 creatures vanquished.

Notes
Turn   | Place    | Note
-------+----------+-------------------------------------------
     0 | D:1      | polly the Gargoyle Berserker began the quest for the Orb.
     0 | D:1      | Reached XP level 1. HP: 14/14 MP: 1/1
    93 | D:1      | Reached XP level 2. HP: 9/19 MP: 2/2
   604 | D:1      | Reached ** piety under Trog
   604 | D:1      | Reached XP level 3. HP: 23/23 MP: 3/3
  1170 | D:2      | Found a blossoming altar of Fedhas.
  1265 | D:2      | Reached XP level 4. HP: 25/29 MP: 4/4
  1514 | D:2      | Found a glowing golden altar of the Shining One.
  1514 | D:2      | Found a glowing silver altar of Zin.
  1514 | D:2      | Found a bloodstained altar of Trog.
  1693 | D:2      | You fall through a shaft!
  1733 | D:3      | Reached XP level 5. HP: 9/33 MP: 5/5
  1761 | D:3      | Killed from afar by an orc wizard

Skill      XL: |  1  2  3  4 |
---------------+-------------+-----
Dodging        | 2 |  2.2
Maces & Flails | 4 |  4.5
Fighting       | 4 |  4.0
Armour         | |  2.8
Stealth        | |  0.1

Action                   |  1- 3 |  4- 6 || total
-------------------------+-------+-------++-------
Melee: Mace              |   105 |    93 ||   198
Invok: Berserk           |     1 |     1 ||     2
  Use: Potion            |       |     4 ||     4
  Eat: Chunk             |     2 |     1 ||     3
Armor: Animal skin       |    18 |       ||    18
       Plate armour      |    58 |   118 ||   176
Dodge: Dodged            |    76 |    46 ||   122
